 Dungeon Crawl Stone Soup version 0.27-a0-1147-gb3d8e82157 (webtiles) character file.

Game seed: 11861391546193941310

3973 KapersCrawl the Ducker (level 10, -2/72 HPs)
             Began as a Djinni Fire Elementalist on May 12, 2021.
             Was an Elder of Lugonu.
             Slain by a thrashing horror (13 damage)
             ... summoned by Lugonu's corruption
             ... on level 8 of the Dungeon.
             The game lasted 00:33:40 (11612 turns).

KapersCrawl the Ducker (Djinni Fire Elementalist)  Turns: 11612, Time: 00:33:41

Health: -2/72      AC:  8    Str:  6    XL:     10   Next: 22%
Gold:   374        EV: 15    Int: 19    God:    Lugonu [****..] SH:  0 Dex: 15

rFire    + + +     SeeInvis .   s - staff of fire
rCold    x . .     Faith    .   (no shield)
rNeg     + . .     Spirit   .   v - +0 steam dragon scales
rPois    ∞         Reflect  .   (no helmet)
rElec    .         Harm     .   m - +2 ratskin cloak {*Rats rPois rN+ Str-1 Int-1 Dex+1}
rCorr    .         Rampage  .   (no gloves)
Will     +....                  (boots unavailable)
Stlth    ++........             (no amulet)
HPRegen  0.22/turn              (no ring)
MPRegen  0.00/turn              (no ring)

@: flying
A: sickness immunity, fire resistance 2, cold vulnerability 1, float, innate
caster, hp casting, extra vitality 1
a: Renounce Religion, Depart the Abyss, Bend Space, Banish, Corrupt


You were on level 8 of the Dungeon.
You worshipped Lugonu.
Lugonu was greatly pleased with you.
You visited 1 branch of the dungeon, and saw 8 of its levels.
You also visited: Sewer.

You collected 374 gold pieces.

Inventory:

Hand Weapons
 a - a +0 whip of electrocution
 c - a +0 dagger of flaming
Missiles
 d - 3 javelins (quivered)
 e - 16 poisoned darts
Armour
 m - the +2 ratskin cloak (worn) {*Rats rPois rN+ Str-1 Int-1 Dex+1}
   (You found it on level 7 of the Dungeon)

   It affects your strength (-1).
   It affects your intelligence (-1).
   It affects your dexterity (+1).
   It protects you from poison.
   It protects you from negative energy.
 v - +0 steam dragon scales (worn)
Magical Staves
 s - a staff of fire (weapon)
Scrolls
 b - a scroll of blinking {unknown}
 f - 2 scrolls of amnesia {unknown}
 h - a scroll of teleportation
 i - a scroll of fog {unknown}
 k - a scroll of immolation {unknown}
 n - a scroll of fear
 o - 2 scrolls of holy word {unknown}
 r - a scroll of torment {unknown}
 t - 2 scrolls of brand weapon {unknown}
 w - a scroll of magic mapping {unknown}
Potions
 g - 2 potions of resistance
 j - 6 potions of curing
 l - 3 potions of heal wounds
 p - a potion of attraction
 q - a potion of might {unknown}
 u - a potion of mutation


   Skills:
 - Level 6.0 Fighting
 - Level 2.0 Armour
 - Level 7.0 Dodging
 - Level 1.5 Stealth
 + Level 3.4 Unarmed Combat
 - Level 6.0 Spellcasting
 - Level 6.0 Invocations
 - Level 6.0 Evocations


You couldn't memorise any spells.
You knew the following spells:

 Your Spells              Type           Power      Damage    Failure   Level
a - Foxfire               Conj/Fire      100%       2x1d9     1%          1
b - Conjure Flame         Conj/Fire      42%        6-21      2%          3
c - Mephitic Cloud        Conj/Pois/Air  28%        N/A       2%          3
d - Sticky Flame          Conj/Fire      42%        2d6       10%         4
e - Fireball              Conj/Fire      21%        3d10      26%         5
f - Inner Flame           Hex/Fire       42%        N/A       2%          3
g - Blink                 Tloc           N/A        N/A       1%          2
h - Teleport Other        Tloc           28%        N/A       2%          3
i - Corona                Hex            31%        N/A       1%          1
Your spell library was empty.

Dungeon Overview and Level Annotations

Branches:
Dungeon (8/15)             Temple (0/1) D:6           Sewer (visited)
   Lair: D:8-11

Altars:
Ashenzari
Nemelex Xobeh
Sif Muna
Vehumet
Wu Jian
Lugonu

Annotations:
D:3 exclusion: downstairs
D:8 corrupted
Abyss:1 Prince Ribbit


Innate Abilities, Weirdness & Mutations

You are immune to sickness and miasma.
You are immune to poison.
Your flesh is very heat resistant. (rF++)
You are vulnerable to cold. (rC-)
You float through the air rather than walking.
You learn spells naturally, not from books.
Your magical power is your life essence.
You have superior vitality. (+4 HP)


Message History

The death yak writhes in pain as voices assail its mind.
The death yak suddenly stops moving!
The merfolk siren chants a haunting song.
You resist.
A starcursed mass splits.
You are covered in liquid flames!
* * * LOW HITPOINT WARNING * * *
The death yak burns!
The foxfire hits the thrashing horror.
The thrashing horror resists.
The thrashing horror is lightly damaged.
The worldbinder calls forth creatures from the Orcish Mines!
The yaktaur hits the death yak.
The small abomination completely misses the death yak.
The thrashing horror closely misses you. x2
A starcursed mass splits.
The worldbinder calls forth creatures from the Orcish Mines!
The large abomination hits the death yak!
The death yak dies!
Training target 7.0 for Dodging reached!
Your Dodging skill increases to level 7!
Press: ? - help, v - describe, . - travel
Here: a thrashing horror (lightly damaged, summoned)
The floor.
Press: ? - help, Shift-Dir - straight line, f - thrashing horror
Aim: a thrashing horror (lightly damaged, summoned, chance to affect: 53%)
Okay, then.
Press: ? - help, v - describe, . - travel
Here: a thrashing horror (lightly damaged, summoned)
The floor.
Press: ? - help, v - describe, . - travel
Here: a thrashing horror (lightly damaged, summoned)
The floor.
The thrashing horror roars!
The orc priest disappears in a puff of smoke!
The thrashing horror tramples you!
* * * LOW HITPOINT WARNING * * *
You hold your ground!
The thrashing horror tramples you.
* * * LOW HITPOINT WARNING * * *
You are shoved backwards!
A starcursed mass splits. x2
The thrashing horror tramples you!
You die...

####.#XXx##
....XX#x.X#
#.#..XXXo.§#
.##.#...§hc#..#
.......#..#3.#
#..##.#..##.######♣..
##.....#..§..........♣
#......X.###.##.....##
##....@### #.# ##.....
###.#(# ##.# ##.# ..
### ##..## # #..
##....# #.. ##.#...##
## #.##....# ##.###.##
##.#.## ##.##


You could see a thrashing horror (summoned), 4 neutral starcursed masses, a
neutral large abomination (summoned) and a neutral yaktaur (summoned).

Vanquished Creatures
  Pikel (D:4)
  Sigmund (D:3)
  Eustachio (D:5)
  A steam dragon (D:7)
  Menkaure (D:4)
  3 sky beasts
  3 black bears
  2 orc warriors (D:7)
  2 ice beasts
  An ogre (D:5)
  A wolf (D:8)
  A centaur (D:7)
  3 lemures (D:5)
  Blork the orc (D:5)
  A kobold brigand (Sewer)
  A bullfrog (D:6)
  A scorpion (D:6)
  2 wyvern zombies
  A wyvern skeleton (D:5)
  A water moccasin skeleton (D:6)
  A water moccasin zombie (D:5)
  2 howler monkeys
  A wyvern simulacrum (D:8)
  An orc priest (D:7)
  5 hounds
  3 jellies
  3 orc wizards
  2 iguanas
  A hell rat (D:7)
  A killer bee zombie (D:4)
  A centaur simulacrum (D:8)
  A howler monkey zombie (D:5)
  4 gnolls (D:8)
  8 river rats
  8 adders
  3 white imps
  2 ufetubi (D:5)
  An adder skeleton (D:4)
  A worm (D:4)
  3 dart slugs
  25 orcs
  6 endoplasms
  2 giant cockroaches (D:3)
  11 goblins
  8 hobgoblins
  15 jackals
  8 quokkas
  9 ball pythons
  3 bats
  6 frilled lizards
  8 kobolds
  26 rats
208 creatures vanquished.

Vanquished Creatures (others)
  A death yak (D:8)
  A gnoll shaman (D:8)
  A centaur simulacrum (D:8)
  922 foxfires
  4 toadstools (D:1)
929 creatures vanquished.

Grand Total: 1137 creatures vanquished

Notes
Turn   | Place    | Note
-------+----------+-------------------------------------------
     0 | D:1      | KapersCrawl the Djinni Fire Elementalist began the quest
                  | for the Orb.
     0 | D:1      | Reached XP level 1. HP: 15/15 MP: 0/0
   236 | D:1      | Found a faded altar of an unknown god.
   262 | D:1      | Reached skill level 1 in Fighting
   502 | D:1      | Reached XP level 2. HP: 20/22 MP: 0/0
  1196 | D:1      | Reached XP level 3. HP: 21/28 MP: 0/0
  1196 | D:1      | Learned a level 1 spell: Corona
  1454 | D:1      | Became a worshipper of Lugonu the Unformed
  1454 | D:1      | Reached * piety under Lugonu
  1454 | D:1      | Reached ** piety under Lugonu
  1920 | D:2      | Reached skill level 3 in Dodging
  2257 | D:2      | Reached XP level 4. HP: 27/34 MP: 0/0
  2525 | D:2      | Noticed a black bear
  2534 | D:2      | Killed a black bear
  2535 | D:2      | Reached skill level 1 in Invocations
  2535 | D:2      | Reached XP level 5. HP: 32/41 MP: 0/0
  2535 | D:2      | Learned a level 2 spell: Blink
  2908 | D:3      | Noticed Sigmund
  3032 | D:3      | Found a glowing drain.
  3037 | D:3      | Reached *** piety under Lugonu
  3043 | Sewer    | Entered a sewer
  3329 | Sewer    | Noticed a kobold brigand
  3337 | Sewer    | Killed a kobold brigand
  3338 | Sewer    | Reached XP level 6. HP: 37/47 MP: 0/0
  3433 | Sewer    | Found a white marble altar of Elyvilon.
  3896 | D:3      | Killed Sigmund
  3897 | D:3      | Reached XP level 7. HP: 37/52 MP: 0/0
  3897 | D:3      | Learned a level 3 spell: Teleport Other
  4139 | D:3      | Reached skill level 5 in Invocations
  4735 | D:4      | Reached skill level 1 in Unarmed Combat
  5097 | D:4      | Noticed Menkaure
  5279 | D:4      | Killed Menkaure
  5280 | D:4      | Reached skill level 5 in Fighting
  5633 | D:4      | Reached **** piety under Lugonu
  5667 | D:4      | Reached XP level 8. HP: 51/59 MP: 0/0
  6035 | D:5      | Entered Level 5 of the Dungeon
  6035 | D:5      | Noticed Eustachio
  6042 | D:5      | Killed Eustachio
  6043 | D:5      | Reached skill level 4 in Dodging
  6195 | D:5      | Noticed Pikel
  6609 | D:5      | Reached skill level 5 in Dodging
  6609 | D:5      | Reached skill level 1 in Armour
  6645 | D:5      | Noticed Blork the orc
  6653 | D:5      | Killed Blork the orc
  6859 | D:4      | Killed Pikel
  6860 | D:4      | Reached XP level 9. HP: 31/66 MP: 0/0
  6860 | D:4      | Learned a level 3 spell: Mephitic Cloud
  7669 | D:6      | Reached skill level 5 in Evocations
  7737 | D:6      | Found a staircase to the Ecumenical Temple.
  8011 | D:6      | Found a broken altar of Ashenzari.
  9372 | D:6      | Reached skill level 5 in Spellcasting
  9936 | D:7      | Found a sparkling altar of Nemelex Xobeh.
 10101 | D:7      | Noticed Prince Ribbit
 10103 | D:7      | Banished Prince Ribbit
 10169 | D:7      | Found an ornate altar of the Wu Jian Council.
 10442 | D:7      | Reached skill level 6 in Dodging
 10718 | D:7      | Reached XP level 10. HP: 67/72 MP: 0/0
 10811 | D:7      | Found the +2 ratskin cloak {*Rats rPois rN+ Str-1 Int-1
                  | Dex+1}
 11589 | D:8      | Noticed a death yak
 11606 | D:8      | Corrupted D:8
 11606 | D:8      | Noticed a thrashing horror
 11606 | D:8      | Noticed a glowing orange brain
 11606 | D:8      | Noticed a worldbinder
 11606 | D:8      | Noticed an orange demon
 11606 | D:8      | Noticed a worldbinder
 11606 | D:8      | Noticed a starcursed mass
 11606 | D:8      | Noticed a thrashing horror
 11606 | D:8      | Noticed a starcursed mass
 11606 | D:8      | Noticed a starcursed mass
 11607 | D:8      | Noticed a smoke demon
 11608 | D:8      | Noticed a merfolk siren
 11608 | D:8      | Noticed a manticore
 11608 | D:8      | Noticed an eye of devastation
 11609 | D:8      | Noticed a thrashing horror
 11610 | D:8      | Noticed a merfolk siren
 11611 | D:8      | Killed a death yak
 11612 | D:8      | Reached skill level 7 in Dodging
 11612 | D:8      | Slain by a thrashing horror

Illustrated notes

Levels and vault maps discovered:
D:1:      ldierk_water_garden, layout_loops_corners,
          shapermc_ecumenical_altar_mp_ritualfount, minmay_pentomino_u4
D:2:      layout_basic
D:3:      layout_rooms, lemuel_round_altar, gup_sewer_entry_bubbles,
          uniq_sigmund
D:4:      kennysheep_spiral_hall, layout_gridville, uniq_menkaure
D:5:      layout_layer_cave, kennysheep_nondescript, uniq_blork_the_orc,
          uniq_eustachio, uniq_pikel
D:6:      layout_basic, general_overflow_altar, kennysheep_little_box,
          minmay_temple_entry_overgrown, minmay_fountain_box,
          minmay_misc_feat_ornament, minmay_between
D:7:      wander_guarded_unrand_ratskin, layout_loops_ring, lemuel_round_altar,
          marbit_many_paths, eino_small_chamber_without_monster,
          uniq_prince_ribbit1
D:8:      layout_loops_cross, kennysheep_ying_yang,
          nicolae_overflow_hidden_temple, tso_oasis_becter, pf_just_have_faith,
          serial_ice, serial_ice_e, serial_ice_c, serial_ice_k, serial_ice_b,
          serial_ice_h, serial_ice_d, serial_ice_f, serial_ice_g, uniq_harold,
          uniq_psyche

Skill      XL: |  1  2  3  4  5  6  7  8  9 10 |
---------------+-------------------------------+-----
Fighting       | 1 2 4 5 6 |  6.0
Spellcasting   | 3 4 6 |  6.0
Dodging        | 3 5 6 7 |  7.0
Invocations    | 1 3 4 5 6 |  6.0
Unarmed Combat | 1 3 |  3.4
Armour         | 2 |  2.0
Evocations     | 3 6 |  6.0
Stealth        | |  1.5

Action                   |  1- 3 |  4- 6 |  7- 9 | 10-12 || total
-------------------------+-------+-------+-------+-------++-------
Melee: Dagger            |     2 |       |       |       ||     2
       Unarmed           |     1 |       |       |       ||     1
       Staff             |     6 |     8 |    16 |       ||    30
Throw: Javelin           |     1 |       |       |       ||     1
 Cast: Foxfire           |    78 |    82 |   348 |    65 ||   573
       Conjure Flame     |       |       |    22 |     6 ||    28
       Blink             |       |       |     1 |       ||     1
       Mephitic Cloud    |       |       |     6 |       ||     6
       Sticky Flame      |       |       |     3 |     1 ||     4
       Inner Flame       |       |       |     2 |       ||     2
Invok: Bend Space        |       |     2 |    12 |     1 ||    15
       Banish            |       |       |     2 |       ||     2
       Corrupt           |       |       |       |     1 ||     1
  Use: Scroll            |       |     1 |     7 |       ||     8
 Stab: Confused          |       |       |     1 |       ||     1
Armor: Robe              |     3 |       |     2 |       ||     5
       Steam dragon scal |       |       |       |     2 ||     2
Dodge: Dodged            |    10 |     6 |    43 |     4 ||    63

Table legend: (Time is in decaauts)
 A = Elapsed time spent in this place.
 B = Non-inter-level travel time spent in this place.
 C = Inter-level travel time spent in this place.
 D = Time resting spent in this place.
 E = Time spent auto-exploring this place.
 F = Levels seen in this place.
 G = Mean time per level.
                   A        B        C        D        E       F      G
               +--------+--------+--------+--------+--------+-----+--------+
         Total |  11630 |  10614 |   1016 |   1877 |   6961 |   9 | 1292.2 |
       Dungeon |  11201 |  10185 |   1016 |   1680 |   6803 |   8 | 1400.1 |
         Sewer |    428 |    428 |      0 |    197 |    158 |   1 |  428.0 |
               +--------+--------+--------+--------+--------+-----+--------+

Top non-repeatable levels by time:
     D:7: 2297 daAuts
     D:2: 1828 daAuts
     D:1: 1685 daAuts
     D:6: 1613 daAuts
     D:4: 1570 daAuts
     D:5: 1177 daAuts
     D:3: 850 daAuts
   Sewer: 428 daAuts
     D:8: 179 daAuts
